 Dungeon Crawl Stone Soup version 0.26-a0-1058-g8dc6ce00ff (webtiles) character file.

Game seed: 5161256922356953061

28 Morbidden the Digger (level 2, -1/24 HPs)
             Began as a Troll Earth Elementalist on Dec 13, 2020.
             Slain by a worm (2 damage)
             ... on level 2 of the Dungeon.
             The game lasted 00:01:17 (376 turns).

Morbidden the Digger (Troll Earth Elementalist)      Turns: 376, Time: 00:01:17

Health: -1/24      AC:  7    Str: 15    XL:     2   Next: 96%
Magic:  2/2        EV: 10    Int: 11    God:
Gold:   42         SH:  0    Dex: 10    Spells: 2/3 levels left

rFire    . . .     SeeInvis .     - Unarmed
rCold    . . .     Faith    .   (no shield)
rNeg     . . .     Spirit   .   c - +0 robe
rPois    .         Reflect  .   (helmet restricted)
rElec    .         Harm     .   d - +0 cloak
rCorr    .         Rampage  .   (gloves unavailable)
Will     .....                  (boots unavailable)
Stlth    +.........             (no amulet)
HPRegen  0.48/turn              (no ring)
MPRegen  0.08/turn              (no ring)

@: brilliant
A: large, unfitting armour, claws 3, regeneration 1, shaggy fur 1, tough skin 3
a: no special abilities


You were on level 2 of the Dungeon.
You visited 1 branch of the dungeon, and saw 2 of its levels.

You collected 42 gold pieces.

Inventory:

Missiles
 b - 52 stones (quivered)
Armour
 c - a +0 robe (worn)
 d - a +0 cloak (worn)
Jewellery
 a - an uncursed ring of protection from fire {unknown}
Scrolls
 e - a scroll of enchant armour {unknown}
 h - a scroll of immolation {unknown}


   Skills:
 * Level 0.3 Fighting
 * Level 1.7 Dodging
 + Level 1.0 Stealth
 * Level 1.4 Unarmed Combat
 * Level 1.2 Spellcasting
 + Level 0.6 Transmutations
 + Level 3.1 Earth Magic


You had 2 spell levels left.
You knew the following spells:

 Your Spells              Type           Power        Failure   Level
a - Sandblast             Erth           ##....       9%          1

Your spell library contained the following spells:

 Spells                   Type           Power        Failure   Level
 Passwall                 Tmut/Erth      #.......     22%         2
 Stone Arrow              Conj/Erth      #.....       45%         3
 Petrify                  Tmut/Erth      #.......     82%         4
 Lee's Rapid Deconstruct  Erth           ##........   94%         5


Dungeon Overview and Level Annotations

Branches:
Dungeon (1/15)

Altars:


Innate Abilities, Weirdness & Mutations

You are too large for most types of armour.
You have claws for hands.
Your natural rate of healing is unusually fast.
You are covered in fur. (AC +1)
You have extremely tough skin. (AC +3)


Message History

The hobgoblin closely misses you.
The leopard gecko bites you but does no damage.
You claw the leopard gecko!
You kill the leopard gecko!
The hobgoblin hits you but does no damage.
The worm closely misses you.
Unknown command.
You closely miss the hobgoblin.
The hobgoblin hits you but does no damage.
The worm bites you.
* * * LOW HITPOINT WARNING * * *
The worm completely misses you.
Unknown command.
You claw the hobgoblin!
You kill the hobgoblin!
Unknown command.
The worm bites you.
* * * LOW HITPOINT WARNING * * *
The worm bites you.
You die...

.........##..... #####
#......#.....#
##...####(.......#..#
##.....##...#....#.w..
#.......#.(.#......#
#.......#..##...$.##
#.........###...(##
##.†......# #..(.#
#.......### #.gw@#
#)......# #..w(#
#.......# ##.###
##.....## ### ##...##
#####


You could see 2 worms and a goblin.

Vanquished Creatures
  An ooze (D:2)
  3 leopard geckos
  A giant cockroach (D:1)
  2 goblins (D:1)
  4 hobgoblins
  4 bats
  2 kobolds (D:1)
  3 rats
20 creatures vanquished.

Notes
Turn   | Place    | Note
-------+----------+-------------------------------------------
     0 | D:1      | Morbidden the Troll Earth Elementalist began the quest for
                  | the Orb.
     0 | D:1      | Reached XP level 1. HP: 16/16 MP: 1/1
    73 | D:1      | Reached skill level 3 in Earth Magic
    73 | D:1      | Reached XP level 2. HP: 19/24 MP: 2/2
   244 | D:1      | Reached skill level 1 in Unarmed Combat
   312 | D:1      | You fall into a shaft and drop 1 floor!
   376 | D:2      | HP: 1/24 [worm (2)]
   376 | D:2      | Slain by a worm

Illustrated notes

Levels and vault maps discovered:
D:1:      erik_arrival_triangle_small, layout_loops_ring, st_stairs_3
D:2:      layout_rooms, minitemple, uniq_terence

Skill      XL: |  1  2 |
---------------+-------+-----
Earth Magic    | 3 |  3.1
Unarmed Combat | 1 |  1.4
Fighting       | |  0.3
Dodging        | |  1.7
Stealth        | |  1.0
Spellcasting   | |  1.2
Transmutations | |  0.6

Action                   || total
-------------------------++-------
Melee: Unarmed           ||    85
  Use: Potion            ||     2
 Stab: Sleeping          ||     1
Armor: Robe              ||    43
Dodge: Dodged            ||    83

Table legend: (Time is in decaauts)
 A = Elapsed time spent in this place.
 B = Non-inter-level travel time spent in this place.
 C = Inter-level travel time spent in this place.
 D = Time resting spent in this place.
 E = Time spent auto-exploring this place.
 F = Levels seen in this place.
 G = Mean time per level.
                   A        B        C        D        E       F      G
               +--------+--------+--------+--------+--------+-----+--------+
         Total |    374 |    374 |      0 |      0 |    210 |   2 |  187.0 |
       Dungeon |    374 |    374 |      0 |      0 |    210 |   2 |  187.0 |
               +--------+--------+--------+--------+--------+-----+--------+

Top non-repeatable levels by time:
     D:1: 311 daAuts
     D:2: 63 daAuts
